 Dungeon Crawl Stone Soup version 0.17-a0-2014-g32cd421 (webtiles) character file.

2505 brucemayne the Cleaver (level 9, 0/112 HPs)
             Began as a Hill Orc Berserker on Oct 9, 2015.
             Was a Believer of Trog.
             Incinerated by a mottled dragon (2 damage)
             ... with a sticky flame
             ... on level 10 of the Dungeon.
             The game lasted 00:11:19 (2095 turns).

brucemayne the Cleaver (Hill Orc Berserker)         Turns: 2095, Time: 00:11:19

Health: 0/112      AC: 13    Str: 28    XL:     9   Next: 53%
Magic:  9/9        EV:  8    Int: 12    God:    Trog [**....]
Gold:   297        SH:  0    Dex: 10    Spells: 0 memorised, 8 levels left

rFire  . . .     SeeInvis .     f - +1 war axe
rCold  . . .     Clarity  .     x - +1 plate armour
rNeg   . . .     SustAt   .     (no shield)
rPois  .         Gourm    .     (no helmet)
rElec  .         Spirit   .     (no cloak)
rCorr  .         Warding  .     (no gloves)
rMut   .         Stasis   .     (no boots)
MR     .....                    (no amulet)
Stlth  ..........               (no ring)
                                t - +3 ring of slaying

@: brilliant, berserking, lethally poisoned (0 -> -3), liquid flames, very
slightly contaminated, hasted, glowing, very quick, not resistant to hostile
enchantments, extremely unstealthy
A: no striking features
a: Burn Spellbooks, Berserk, Trog's Hand, Renounce Religion


You were on level 10 of the Dungeon.
You worshipped Trog.
Trog was pleased with you.
You were hungry.

You visited 1 branch of the dungeon, and saw 10 of its levels.
You also visited: Bailey.

You collected 297 gold pieces.

Inventory:

Hand Weapons
 a - a +0 hand axe
 f - a +1 war axe (weapon)
 o - a +2 falchion of electrocution
 z - a +2 trident of protection
Missiles
 A - 2 throwing nets (quivered)
Armour
 b - a +0 animal skin
 d - a +0 scale mail
 n - a +0 chain mail
 x - a +1 plate armour (worn)
 y - a +0 buckler
Magical Staves
 u - an uncursed staff of power {unknown}
Jewellery
 t - a +3 ring of slaying (left hand)
Wands
 g - a wand of digging (16)
Scrolls
 e - a scroll of remove curse
Potions
 i - a potion of brilliance
Books
 l - a book of Ice

   Spells                             Type                      Level
   a - Ice Form                       Ice/Transmutation            4
   b - Metabolic Englaciation         Hexes/Ice                    5
   c - Ozocubu's Refrigeration        Ice                          6
   d - Bolt of Cold                   Conjuration/Ice              6
   e - Freezing Cloud                 Conjuration/Ice/Air          6
   f - Simulacrum                     Ice/Necromancy               6
   Trog disapproves of the use of such an item.
 q - a book of the Earth

   Spells                             Type                      Level
   a - Leda's Liquefaction            Hexes/Earth                  4
   b - Bolt of Magma                  Conjuration/Fire/Earth       5
   c - Statue Form                    Transmutation/Earth          6
   d - Iron Shot                      Conjuration/Earth            6
   e - Shatter                        Earth                        9
   Trog disapproves of the use of such an item.
 s - Thaumaturgy, Part One
   (You found it on level 8 of the Dungeon)

   Spells                             Type                      Level
   a - Shock                          Conjuration/Air              1
   b - Flame Tongue                   Conjuration/Fire             1
   c - Sandblast                      Earth                        1
   d - Freeze                         Ice                          1
   e - Summon Small Mammal            Summoning                    1
   Trog disapproves of the use of such an item.
 w - the Catalogue of Unstable Evil Rites
   (You found it on level 8 of the Dungeon)

   Spells                             Type                      Level
   a - Animate Skeleton               Necromancy                   1
   b - Beastly Appendage              Transmutation                1
   c - Sublimation of Blood           Necromancy                   2
   d - Excruciating Wounds            Charms/Necromancy            5
   e - Blade Hands                    Transmutation                5
   f - Death Channel                  Necromancy                   6
   Trog disapproves of the use of such an item.
Comestibles
 c - 4 bread rations
 h - a beef jerky
 p - 3 meat rations
 B - 3 fruits
 C - 2 royal jellies


   Skills:
 + Level 6.1 Fighting
 - Level 14.3 Axes
 + Level 5.0 Armour
 - Level 1.5 Dodging


You had 8 spell levels left.
You didn't know any spells.

Dungeon Overview and Level Annotations

Branches:
Dungeon (10/15)
 Temple: D:4-7         Lair: D:8-11         Orc: D:9-12

Altars:
Ashenzari
Dithmenos
Sif Muna
Vehumet
Xom
Yredelemnul
Zin

Annotations:
D:10 Sonja


Message History

Trog accepts your kill.
Your Armour skill increases to level 5!
You hit the mottled dragon.
The mottled dragon is lightly wounded.
You are covered in liquid flames!
* * * LOW HITPOINT WARNING * * *
The spiny frog stings you!
* * * LOW HITPOINT WARNING * * *
The mottled dragon bites you!
* * * LOW HITPOINT WARNING * * *
The mottled dragon claws you but does no damage.
The killer bee stings you but does no damage.
You hit the spiny frog.
The spiny frog is lightly wounded.
You closely miss the mottled dragon.
The mottled dragon is lightly wounded.
You barely miss the killer bee. You slash the killer bee!
The killer bee is heavily wounded.
You are covered in liquid flames!
You die...

.. ... ### ... #.. #..
#.##.# #######F#.#
####.....yy@D# ### ####
....."...a#y######.# #...
...........y.......######...
...................)........
.............#######...#####
.............# #...#
.......>.....# #...#
.a...........# #...#
.............# #...#


You could see a spiny frog, a mottled dragon, a worker ant and 4 killer bees.

Vanquished Creatures
  A merfolk (D:10)
  2 hippogriffs
  A deep elf fighter (D:10)
  An orc warrior (D:6)
  A black bear (D:9)
  2 necrophages
  2 centaurs
  An ogre (D:9)
  4 giant frogs
  3 scorpions
  8 killer bees
  An orc priest (D:7)
  A crimson imp (D:10)
  A giant frog zombie (D:7)
  A jelly (D:8)
  3 hounds
  2 orc wizards
  2 giant frog skeletons
  Ijyb (D:2)
  2 worker ants
  6 adders
  A shadow imp (D:7)
  2 adder zombies
  A giant gecko (D:2)
  4 orcs
  2 bats (D:1)
  3 giant cockroaches
  5 goblins
  2 hobgoblins
  12 jackals
  4 kobolds
  A giant gecko skeleton (D:4)
  A giant gecko zombie (D:8)
  A giant newt (D:2)
  A jackal zombie (D:4)
  2 rats
88 creatures vanquished.

Notes
Turn   | Place    | Note
--------------------------------------------------------------
     0 | D:1      | brucemayne the Hill Orc Berserker began the quest for the Orb.
     0 | D:1      | Reached XP level 1. HP: 19/19 MP: 1/1
    48 | D:2      | Reached XP level 2. HP: 13/26 MP: 2/2
    58 | D:2      | Noticed an angel
    58 | D:2      | Found a shimmering altar of Xom.
    61 | D:2      | Found a glowing silver altar of Zin.
    98 | D:1      | Reached skill level 5 in Axes
   163 | D:2      | Noticed Ijyb
   175 | D:2      | Killed Ijyb
   175 | D:2      | Reached skill level 6 in Axes
   175 | D:2      | Reached XP level 3. HP: 18/31 MP: 3/3
   309 | D:2      | Acquired Trog's second power
   354 | D:2      | Reached XP level 4. HP: 39/39 MP: 4/4
   381 | D:3      | Found a deep blue altar of Sif Muna.
   466 | D:3      | Found a shadowy altar of Dithmenos.
   533 | D:4      | Reached skill level 7 in Axes
   533 | D:4      | Reached XP level 5. HP: 23/45 MP: 5/5
   557 | D:5      | Entered Level 5 of the Dungeon
   660 | D:5      | Reached skill level 8 in Axes
   906 | D:7      | Reached XP level 6. HP: 37/51 MP: 6/6
   930 | D:7      | Reached skill level 9 in Axes
   973 | D:7      | Noticed a centaur
   986 | D:7      | Killed a centaur
  1013 | D:7      | Reached skill level 10 in Axes
  1013 | D:7      | Reached XP level 7. HP: 31/57 MP: 7/7
  1112 | D:7      | Reached skill level 11 in Axes
  1132 | D:7      | Found a flagged portal.
  1159 | Bailey   | Entered a bailey
  1284 | D:6      | Reached XP level 8. HP: 28/64 MP: 8/8
  1321 | D:6      | Noticed an orc warrior
  1326 | D:6      | Reached skill level 12 in Axes
  1330 | D:6      | Killed an orc warrior
  1357 | D:5      | Found a radiant altar of Vehumet.
  1357 | D:5      | Found a basalt altar of Yredelemnul.
  1509 | D:8      | Identified Thaumaturgy, Part One
  1535 | D:8      | Found a shattered altar of Ashenzari.
  1622 | D:9      | Reached skill level 13 in Axes
  1660 | D:8      | Identified the Catalogue of Unstable Evil Rites
  1693 | D:10     | Entered Level 10 of the Dungeon
  1750 | D:9      | Reached skill level 14 in Axes
  1751 | D:9      | Reached XP level 9. HP: 63/70 MP: 9/9
  1850 | D:10     | Noticed a merfolk
  1877 | D:10     | Killed a merfolk
  1877 | D:10     | Reached skill level 5 in Fighting
  1999 | D:10     | Noticed Sonja
  2087 | D:10     | Noticed a spiny frog
  2094 | D:10     | Reached skill level 5 in Armour
  2094 | D:10     | HP: 2/112 [mottled dragon (10)]
  2095 | D:10     | Incinerated by a mottled dragon

Vault maps used:
D:1:      dpeg_arrival_tiny_i
D:2:      grunt_temple_overflow_order_and_chaos_1, first_bread,
          serial_park_tiny_pond, st_stairs_7, uniq_iyjb
D:3:      minmay_goblin_kobold_castle, lemuel_crystal_altar,
          nicolae_dithmenos_shadow_blocks, uniq_natasha
D:4:      serial_undead, serial_undead_c, serial_undead_f, serial_undead_e,
          serial_undead_b, serial_undead_b, serial_undead_c, serial_undead_b,
          serial_undead_b, serial_undead_d, serial_undead_b,
          minmay_misc_feat_pillars, corexii_checkpoint_b,
          cheibrodos_ashenzari_chains
D:5:      old_forge, nicolae_overflow_hidden_temple, temple_green, minivault_11,
          roderic_lattice_a
D:7:      enter_bailey_2, minmay_fire_ice_demons
D:8:      lemuel_round_altar, serial_shops,
          nicolae_shop_temple_entry_statues_fountains
D:10:     erik_lair_dragon, serial_co_window_serial, co_window_corner_a,
          co_window_paths_a, co_window_corner_a, co_window_corner_a,
          co_window_corner_a, co_window_corner_b, co_window_corner_b,
          co_window_cross_3, co_window_broadway_b, co_window_paths_c,
          co_window_2corner, co_window_paths_c, hangedman_stone_soup, uniq_sonja
Bailey:   bailey_polearm_2, bailey

Action                   |  1- 3 |  4- 6 |  7- 9 || total
-------------------------+-------+-------+-------++-------
Melee: Hand axe          |    56 |    85 |       ||   141
       War axe           |       |    29 |   134 ||   163
Invok: Berserk           |     3 |     4 |     7 ||    14
       Trog's Hand       |       |     2 |     3 ||     5
Evoke: Wand              |       |       |     3 ||     3
  Use: Scroll            |       |     1 |     7 ||     8
       Potion            |       |     1 |     4 ||     5
  Eat: Chunk             |       |     8 |    10 ||    18
